 Dungeon Crawl Stone Soup version 0.29-a0-925-g0a7a3d12f8 (webtiles) character file.

Game seed: 7370293309073896442

44 Malachi the Trooper (level 3, 0/24 HPs)
             Began as a Gargoyle Fighter on July 29, 2022.
             Slain by a jelly (3 damage)
             ... on level 3 of the Dungeon.
             The game lasted 00:02:33 (1826 turns).

Malachi the Trooper (Gargoyle Fighter)              Turns: 1826, Time: 00:02:34

Health: 0/24       AC:  2    Str: 19    XL:     3   Next: 62%
Magic:  3/3        EV:  9    Int:  8    God:
Gold:   54         SH:  4    Dex: 11    Spells: 2/2 levels left

rFire   . . .      SeeInvis .   a - +0 flail
rCold   . . .      Faith    .   c - +0 buckler
rNeg    + . .      Spirit   .   b - +0 scale mail
rPois   ∞          Reflect  .   (no helmet)
rElec   +          Harm     .   (no cloak)
rCorr   .          Rampage  .   (no gloves)
Will    .....                   (no boots)
Stlth   ..........              (no amulet)
HPRegen 0.08/turn               (no ring)
MPRegen 0.08/turn               (no ring)

@: corroded
A: sickness immunity, AC +3, negative energy resistance 1, electricity
resistance, torment resistance 1, petrification resistance
a: no special abilities


You were on level 3 of the Dungeon.
You visited 1 branch of the dungeon, and saw 3 of its levels.

You collected 54 gold pieces.

Inventory:

Hand Weapons
 a - a +0 flail (weapon)
Armour
 b - a +0 scale mail (worn)
 c - a +0 buckler (worn)
Scrolls
 e - 3 scrolls of identify {unknown}
 h - 2 scrolls of enchant armour {unknown}
 i - a scroll of noise {unknown}
 j - a scroll of enchant weapon {unknown}
 k - a scroll of immolation {unknown}
Potions
 d - a potion of might
 f - 2 potions of curing {unknown}
 g - a potion of degeneration {unknown}
 l - a potion of attraction {unknown}


   Skills:
 + Level 4.0 Fighting
 - Level 2.4 Maces & Flails
 - Level 3.7 Armour
 - Level 3.6 Shields


You had 2 spell levels left.
You didn't know any spells.
Your spell library was empty.

Dungeon Overview and Level Annotations

Branches:
Dungeon (3/15)

Altars:
Sif Muna

Shops:
D:2 ?((((


Innate Abilities, Weirdness & Mutations

You are immune to sickness and miasma.
Your stone body is resilient. (AC +3)
You are immune to poison.
You resist negative energy. (rN+)
You are resistant to electric shocks. (rElec)
You are resistant to unholy torment.
You are immune to petrification.


Message History

No target in view!
No target in view!
There is a stone staircase leading down here.
You climb downwards.
There is a stone staircase leading up here.
A jelly comes into view.
A jelly is nearby!
A jelly is nearby!
A jelly is nearby!
You thump the jelly! The acid corrodes you!
Your hands burn!
The jelly is heavily wounded.
The jelly closely misses you.
You hit the jelly but do no damage.
Your hands burn!
The jelly is heavily wounded.
The jelly closely misses you.
You hit the jelly.
Your hands burn!
The jelly is severely wounded.
The jelly closely misses you.
You hit the jelly but do no damage.
Your hands burn!
The jelly is severely wounded.
The jelly hits you but does no damage. x2
You hit the jelly but do no damage. The acid corrodes you!
Your hands burn!
The jelly is severely wounded.
The jelly hits you.
You are splashed with acid!
* * * LOW HITPOINT WARNING * * *
You are too injured to fight recklessly!
You are too injured to fight recklessly!
You are too injured to fight recklessly!
You are too injured to fight recklessly!
You are too injured to fight recklessly!
You are too injured to fight recklessly!
You are too injured to fight recklessly!
You are too injured to fight recklessly!
A jelly is nearby!
A jelly is nearby!
You hit the jelly but do no damage.
Your hands burn!
* * * LOW HITPOINT WARNING * * *
The jelly is severely wounded.
The jelly hits you.
You die...

#.# #<#
###.###
#.....#
#.###.#
#. #.#
#.###.#
#.....#
###@###
#J# #.#
#.# #.#
#.. ###


You could see a jelly.

Vanquished Creatures
  An adder (D:2)
  A dart slug (D:1)
  5 ball pythons
  8 endoplasms
  A giant cockroach (D:1)
  A hobgoblin (D:1)
  3 quokkas
  3 bats
  2 frilled lizards (D:2)
  3 goblins
  2 rats
30 creatures vanquished.

Notes
Turn   | Place    | Note
-------+----------+-------------------------------------------
     0 | D:1      | Malachi the Gargoyle Fighter began the quest for the Orb.
     0 | D:1      | Reached XP level 1. HP: 14/14 MP: 1/1
   370 | D:1      | Reached XP level 2. HP: 19/19 MP: 2/2
  1041 | D:2      | Found Inutigome's Weapon Boutique.
  1042 | D:2      | Found a faded altar of an unknown god.
  1073 | D:2      | Reached XP level 3. HP: 13/23 MP: 3/3
  1333 | D:2      | Found Ejinout's Antique Weapon Emporium.
  1388 | D:2      | Found Vehaeff's Weapon Boutique.
  1475 | D:2      | Reached skill level 4 in Fighting
  1627 | D:2      | Found Sogymy's Weapon Shop.
  1651 | D:2      | Found Seycahi's Magic Scroll Shop.
  1658 | D:2      | Found a shimmering blue altar of Sif Muna.
  1826 | D:3      | Slain by a jelly

Illustrated notes

Levels and vault maps discovered:
D:1:      dpeg_arrival_pits, layout_loops_corners
D:2:      layout_rooms, chequers_ecumenical_altar_simple, serial_shops,
          nicolae_shop_hallway_plus, shop_statue, nicolae_shop_advertising_works
          [nicolae_subvault_shop_adworks], nicolae_shop_trees,
          nicolae_shop_competitors_out_of_business, basic_altar,
          minmay_misc_feat_enclosed
D:3:      layout_loops_ring, kennysheep_jessica_study, uniq_natasha,
          uniq_jessica, uniq_sigmund

Skill      XL: |  1  2  3 |
---------------+----------+-----
Fighting       | 4 |  4.0
Maces & Flails | |  2.4
Armour         | |  3.7
Shields        | |  3.6

Action                   || total
-------------------------++-------
Melee: Flail             ||   116
Armor: Scale mail        ||    59
Dodge: Dodged            ||    58
Block: Buckler           ||    23

Table legend: (Time is in decaauts)
 A = Elapsed time spent in this place.
 B = Non-inter-level travel time spent in this place.
 C = Inter-level travel time spent in this place.
 D = Time resting spent in this place.
 E = Time spent auto-exploring this place.
 F = Levels seen in this place.
 G = Mean time per level.
                   A        B        C        D        E       F      G
               +--------+--------+--------+--------+--------+-----+--------+
         Total |   1862 |   1816 |     46 |      0 |   1535 |   3 |  620.7 |
       Dungeon |   1862 |   1816 |     46 |      0 |   1535 |   3 |  620.7 |
               +--------+--------+--------+--------+--------+-----+--------+

Top non-repeatable levels by time:
     D:1: 1061 daAuts
     D:2: 784 daAuts
     D:3: 17 daAuts
